 Dungeon Crawl Stone Soup version 0.20.0-10-g0535bb4 (webtiles) character file.

3122 Lexie the Basher (level 9, -7/59 HPs)
             Began as a Gargoyle Fighter on June 6, 2017.
             Was an Elder of Okawaru.
             Killed from afar by a lava snake (20 damage)
             ... with a glob of lava
             ... on level 7 of the Dungeon.
             The game lasted 00:13:29 (7309 turns).

Lexie the Basher (Gargoyle Fighter)                 Turns: 7309, Time: 00:13:29

Health: -7/59      AC: 18    Str: 22    XL:     9   Next: 91%
Magic:  10/10      EV:  5    Int: 10    God:    Okawaru [****..]
Gold:   473        SH: 11    Dex: 11    Spells: 8/8 levels left

rFire    . . .     SeeInvis .   r - +0 morningstar
rCold    . . .     Gourm    +   c - +0 shield
rNeg     + . .     Faith    .   J - +0 plate armour
rPois    ∞         Spirit   .   (no helmet)
rElec    +         Reflect  .   A - +0 cloak
rCorr    +         Harm     .   (no gloves)
MR       .....                  (no boots)
Stlth    ..........             j - amulet of the gourmand
Regen    0.2/turn               s - +2 ring of dexterity
MPRegen  0.2/turn               y - ring of resist corrosion

@: no status effects
A: negative energy resistance 1, electricity resistance, unbreathing,
petrification resistance, rot immunity, AC +5
a: Heroism, Renounce Religion


You were on level 7 of the Dungeon.
You worshipped Okawaru.
Okawaru was greatly pleased with you.
You were not hungry.

You visited 1 branch of the dungeon, and saw 7 of its levels.
You also visited: Sewer.

You collected 473 gold pieces.

Inventory:

Hand Weapons
 a - a +0 flail
 r - a +0 morningstar (weapon)
Armour
 b - a +0 scale mail
 c - a +0 shield (worn)
 k - a +0 ring mail of magic resistance
 p - a +0 buckler
 A - a +0 cloak (worn)
 J - a +0 plate armour (worn)
Jewellery
 j - an amulet of the gourmand (around neck)
 s - a +2 ring of dexterity (left hand)
 y - a ring of resist corrosion (right hand)
 M - an uncursed ring of stealth {unknown}
Wands
 x - a wand of flame (22/48)
Scrolls
 e - 14 scrolls of identify {unknown}
 g - 2 scrolls of fear {unknown}
 h - a scroll of magic mapping {unknown}
 l - 6 scrolls of teleportation {unknown}
 u - 2 scrolls of amnesia {unknown}
 w - a scroll of recharging {unknown}
 C - a scroll of enchant weapon {unknown}
 D - a scroll of immolation {unknown}
 F - 3 scrolls of fog {unknown}
 I - 2 scrolls of random uselessness {unknown}
 K - a scroll of holy word {unknown}
 L - a scroll of remove curse {unknown}
Potions
 d - 4 potions of might
 i - a potion of heal wounds {unknown}
 m - 8 potions of curing {unknown}
 o - 2 potions of cancellation {unknown}
 q - a potion of berserk rage {unknown}
 t - a potion of brilliance {unknown}
 z - 3 potions of lignification {unknown}
 B - 5 potions of flight {unknown}
 E - 2 potions of magic {unknown}
 G - a potion of haste {unknown}
 H - a potion of ambrosia {unknown}
Comestibles
 f - 9 bread rations
 n - 3 meat rations
 v - 3 royal jellies


   Skills:
 + Level 8.1 Fighting
 * Level 9.6 Maces & Flails
 - Level 3.2 Armour
 + Level 8.0 Shields
 * Level 2.2 Invocations


You had 8 spell levels left.
You didn't know any spells.

Dungeon Overview and Level Annotations

Branches:
Dungeon (7/15)             Temple (0/1) D:5

Altars:
Elyvilon
Fedhas
Okawaru
Sif Muna
Trog
Yredelemnul

Shops:
D:5 ?


Innate Abilities, Weirdness & Mutations

You are resistant to torment.
Your stone body is resilient. (AC +5)
You are immune to poison.
You resist negative energy. (rN+)
You are resistant to electric shocks. (rElec)
You can survive without breathing.
You are immune to petrification.
You are immune to rotting.


Message History

You hit the six-headed hydra but do no damage.
The six-headed hydra is heavily wounded.
You block the lava snake's attack.
The phantom blinks!
You block the six-headed hydra's attack.
The six-headed hydra bites you but does no damage. x3
The six-headed hydra barely misses you.
The six-headed hydra bites you but does no damage.
The lava snake closely misses you.
You impale the six-headed hydra!!
The six-headed hydra is almost dead.
You block the six-headed hydra's attack.
The six-headed hydra barely misses you.
The six-headed hydra bites you but does no damage.
You block the six-headed hydra's attack.
The six-headed hydra bites you but does no damage.
The six-headed hydra bites you.
* * * LOW HITPOINT WARNING * * *
The lava snake spits lava at you. The glob of lava hits you!
You die...

#..........####..###
#..# #.....(.####
##...## ##.## #########
####.....## #..###
##.........## ###....#
#...........####.......
#####''####..##..#####.
##§§§..≈≈≈##....#### ##
##§§§§..≈≈§≈##.#....####
#§§≈§≈§@≈§§≈≈####......#
#§§≈§§§§DS§§§≈≈#
#.......
≈§§§§≈§..≈≈§≈§§≈
##......
≈≈≈≈§≈≈..§S≈≈≈≈≈ ##.....
≈≈≈≈§W§..≈≈≈≈≈§§ ###...
≈≈≈§§⌠..⌠≈≈≈≈≈≈ ##..
≈≈§≈§....§≈§≈≈≈ ###
≈§≈≈§....§≈≈§≈≈


You could see a six-headed hydra, a phantom and 2 lava snakes.

Vanquished Creatures
  The ghost of 2d6 the Poker, a novice TeCK of Xom (D:6)
  Pikel (D:5)
  A spriggan (D:7)
  A hungry ghost (D:7)
  Menkaure (D:6)
  Purgy (Sewer)
  A phantom (D:7)
  4 slaves (D:5)
  A sky beast (D:7)
  A centaur (D:6)
  5 ogres
  A bullfrog (D:7)
  A wyvern zombie (D:6)
  A scorpion (D:6)
  A howler monkey (D:7)
  5 crimson imps
  4 hounds
  An orc priest (D:7)
  5 orc wizards
  An iguana (D:5)
  3 worker ants
  A hound zombie (D:5)
  2 hound skeletons
  9 adders
  An ooze (D:3)
  An adder skeleton (D:4)
  2 worms
  4 leopard geckos
  15 orcs
  7 giant cockroaches
  10 goblins
  3 hobgoblins
  4 jackals
  A quokka (D:7)
  4 ball pythons
  2 bats (D:2)
  8 frilled lizards
  13 kobolds
  6 rats
134 creatures vanquished.

Notes
Turn   | Place    | Note
-------+----------+-------------------------------------------
     0 | D:1      | Lexie the Gargoyle Fighter began the quest for the Orb.
     0 | D:1      | Reached XP level 1. HP: 14/14 MP: 1/1
   320 | D:1      | Reached XP level 2. HP: 19/19 MP: 2/2
   955 | D:2      | Reached XP level 3. HP: 22/23 MP: 3/3
  1142 | D:2      | Found a blossoming altar of Fedhas.
  1253 | D:2      | Reached skill level 3 in Maces & Flails
  1549 | D:2      | Reached XP level 4. HP: 20/29 MP: 4/4
  1760 | D:2      | Found a deep blue altar of Sif Muna.
  1760 | D:2      | Found a bloodstained altar of Trog.
  2133 | D:3      | Reached XP level 5. HP: 32/33 MP: 5/5
  2393 | D:3      | Found a faded altar of an unknown god.
  2753 | D:4      | Reached skill level 4 in Maces & Flails
  2953 | D:4      | Reached XP level 6. HP: 35/39 MP: 6/6
  3594 | D:3      | Reached skill level 5 in Shields
  3854 | D:5      | Entered Level 5 of the Dungeon
  3854 | D:5      | Found an iron altar of Okawaru.
  3868 | D:5      | Reached skill level 5 in Fighting
  3868 | D:5      | Reached skill level 5 in Maces & Flails
  3868 | D:5      | Reached XP level 7. HP: 19/44 MP: 7/7
  3874 | D:5      | Became a worshipper of Warmaster Okawaru
  4074 | D:5      | Found a staircase to the Ecumenical Temple.
  4140 | D:5      | Found a glowing drain.
  4179 | Sewer    | Entered a sewer
  4272 | Sewer    | Noticed Purgy
  4281 | Sewer    | Killed Purgy
  4503 | D:5      | Noticed Pikel
  4517 | D:5      | Killed Pikel
  4517 | D:5      | Reached * piety under Okawaru
  4517 | D:5      | Reached skill level 6 in Maces & Flails
  4517 | D:5      | Reached XP level 8. HP: 31/51 MP: 8/8
  4537 | D:5      | Reached ** piety under Okawaru
  4879 | D:5      | Found a basalt altar of Yredelemnul.
  4931 | D:5      | Found a white marble altar of Elyvilon.
  5079 | D:5      | Found Etiamilo's Magic Scroll Boutique.
  5277 | D:4      | Reached skill level 7 in Maces & Flails
  5553 | D:6      | Noticed 2d6's ghost (novice TeCK)
  5567 | D:6      | Killed 2d6's ghost
  5567 | D:6      | Reached *** piety under Okawaru
  5567 | D:6      | Reached skill level 8 in Maces & Flails
  5567 | D:6      | Reached XP level 9. HP: 57/57 MP: 9/9
  5861 | D:6      | Noticed Menkaure
  5873 | D:6      | Killed Menkaure
  6536 | D:7      | Reached skill level 9 in Maces & Flails
  6643 | D:7      | Reached **** piety under Okawaru
  6953 | D:7      | Received a gift from Okawaru
  6953 | D:7      | Reached skill level 1 in Invocations
  7292 | D:7      | Noticed a six-headed hydra
  7309 | D:7      | Killed from afar by a lava snake

Skill      XL: |  1  2  3  4  5  6  7  8  9 |
---------------+----------------------------+-----
Maces & Flails | 3 4 5 6 8 9 |  9.6
Shields        | 4 5 6 7 8 |  8.0
Fighting       | 4 5 6 7 8 |  8.1
Invocations    | 2 |  2.2
Armour         | |  3.2

Action                   |  1- 3 |  4- 6 |  7- 9 || total
-------------------------+-------+-------+-------++-------
Melee: Flail             |   208 |   219 |   234 ||   661
       Morningstar       |       |       |   171 ||   171
Invok: Heroism           |       |       |     1 ||     1
  Use: Potion            |       |       |     1 ||     1
 Stab: Distracted        |       |       |     1 ||     1
  Eat: Chunk             |    11 |    15 |    15 ||    41
Armor: Scale mail        |   123 |   117 |    76 ||   316
       Plate armour      |       |       |   181 ||   181
Dodge: Dodged            |    76 |   108 |   114 ||   298
Block: Shield            |    96 |       |   110 ||   206
       Buckler           |     4 |    56 |    37 ||    97
